[Event "16th Marseille Festival 2023"]
[Site "Marseille"]
[Date "2023.12.30"]
[Round "8.8"]
[White "Avanesyan, Davit"]
[Black "Bremond, Pascal"]
[Result "1-0"]
[WhiteElo "2142"]
[BlackElo "1894"]
[PlyCount "89"]
[EventDate "2023.12.30"]
[EventType "swiss"]
[EventCountry "FRA"]
[TimeControl "5400+30"]

1. Nf3 Nf6 2. g3 c5 3. Bg2 Nc6 4. O-O e5 5. d3 d5 6. e4 dxe4 7. dxe4 Qxd1 8. Rxd1 Bg4 9. Re1 h6 10. c3 O-O-O 11. Nbd2 Nd7 12. Nc4 f6 13. a4 Be6 14. Bf1 Nb6 15. Nfd2 Nxc4 16. Nxc4 Be7 17. a5 Rd7 18. Be3 Rhd8 19. Rec1 Kb8 20. Re1 Bg4 21. h3 Bh5 22. g4 Bf7 23. f3 h5 24. Be2 Rh8 25. Kg2 Bg6 26. Ra4 Rdd8 27. Raa1 hxg4 28. hxg4 Rh7 29. Rh1 Rdh8 30. Rxh7 Rxh7 31. Rd1 Kc7 32. Na3 Rh8 33. Nb5+ Kc8 34. Nd6+ Bxd6 35. Rxd6 Nxa5 36. Bxc5 b6 37. Ba3 Bf7 38. Bb5 Rd8 39. g5 Rxd6 40. Bxd6 fxg5 41. Bxe5 Nc4 42. Bxg7 Ne3+ 43. Kg3 Kb7 44. Bd4 Nd1 45. c4 1-0

[Event "16th Marseille Festival 2023"]
[Site "Marseille"]
[Date "2023.12.30"]
[Round "9.1"]
[White "Gusain, Himal"]
[Black "Vu Dinh, Adrien"]
[Result "1-0"]
[WhiteElo "2457"]
[BlackElo "2234"]
[PlyCount "53"]
[EventDate "2023.12.30"]
[EventType "swiss"]
[EventCountry "FRA"]
[TimeControl "5400+30"]

1. Nf3 Nf6 2. b3 c5 3. Bb2 Nc6 4. c4 d5 5. cxd5 Nxd5 6. g3 f6 7. Bg2 e5 8. O-O Be6 9. e3 Be7 10. Qe2 Nc7 11. Rd1 Qc8 12. Nc3 O-O 13. d4 cxd4 14. exd4 exd4 15. Nxd4 Nxd4 16. Rxd4 Bc5 17. Rh4 Bb6 18. Na4 Qe8 19. Nxb6 axb6 20. Qc2 Qg6 21. Qxc7 Rxa2 22. Rxa2 Qb1+ 23. Bf1 Qxa2 24. Bc4 Qxb2 25. Bxe6+ Kh8 26. Bf5 Qc1+ 27. Qxc1 1-0

[Event "16th Marseille Festival 2023"]
[Site "Marseille"]
[Date "2023.12.30"]
[Round "9.2"]
[White "Philippe, Guillaume"]
[Black "Bilych, Olexiy"]
[Result "1-0"]
[WhiteElo "2334"]
[BlackElo "2433"]
[PlyCount "145"]
[EventDate "2023.12.30"]
[EventType "swiss"]
[EventCountry "FRA"]
[TimeControl "5400+30"]

1. Nf3 d5 2. e3 Nf6 3. c4 e6 4. b3 Bd6 5. Bb2 O-O 6. g3 b6 7. Bg2 Bb7 8. O-O Nbd7 9. cxd5 exd5 10. Nc3 a6 11. Ne2 Re8 12. Qc2 Rc8 13. Rac1 c5 14. Qb1 b5 15. Nf4 b4 16. Rfd1 Qb6 17. Qf5 d4 18. Nh5 Be4 19. Nxf6+ Nxf6 20. Qh3 Qb7 21. Nh4 Bxg2 22. Qxg2 Qxg2+ 23. Kxg2 dxe3 24. dxe3 Be5 25. Bxe5 Rxe5 26. Rd6 Re6 27. Nf5 Rxd6 28. Nxd6 Rc6 29. Nb7 Ne4 30. Rc4 f5 31. f3 Nc3 32. Rxc5 Rxc5 33. Nxc5 a5 34. Kf2 Kf7 35. Ke1 Ke7 36. Kd2 Kd6 37. Nb7+ Kd5 38. a4 g5 39. Nxa5 g4 40. fxg4 Ne4+ 41. Ke2 fxg4 42. Nc4 Nc5 43. Nd2 h5 44. e4+ Kd4 45. a5 Na6 46. e5 Kxe5 47. Kd3 Kd5 48. Ne4 Ke5 49. Ke3 Kd5 50. Nf6+ Kc6 51. Nxh5 Nc5 52. Nf6 Nxb3 53. a6 Nc5 54. a7 Kb7 55. Kd4 b3 56. Kc3 Kxa7 57. Nxg4 Kb6 58. Nf2 Kb5 59. Nd1 Ka4 60. Kd4 Ne6+ 61. Kd5 Nc7+ 62. Ke5 Kb4 63. h4 Nb5 64. h5 Nc3 65. h6 Nxd1 66. h7 b2 67. h8=Q Kb3 68. Qh7 Kc3 69. Qe4 Kd2 70. g4 Nf2 71. Qb1 Kc3 72. g5 Nd3+ 73. Kf5 1-0

[Event "16th Marseille Festival 2023"]
[Site "Marseille"]
[Date "2023.12.30"]
[Round "9.3"]
[White "Petrosyan, Armen"]
[Black "Lamard, Guillaume"]
[Result "0-1"]
[WhiteElo "2368"]
[BlackElo "2497"]
[PlyCount "112"]
[EventDate "2023.12.30"]
[EventType "swiss"]
[EventCountry "FRA"]
[TimeControl "5400+30"]

1. e4 e5 2. Nf3 Nc6 3. Bb5 a6 4. Ba4 Nf6 5. O-O d6 6. c3 Bd7 7. Re1 g6 8. d4 Bg7 9. h3 O-O 10. Bc2 Nh5 11. Bg5 Qe8 12. Na3 b5 13. Bb1 h6 14. Be3 exd4 15. cxd4 Qc8 16. Qd2 Kh7 17. Nc2 Ne7 18. Nh2 f5 19. f3 c5 20. g4 f4 21. Bf2 Ng3 22. a4 bxa4 23. dxc5 dxc5 24. Na3 Bb5 25. Nxb5 axb5 26. Qd6 Nc6 27. e5 Qe8 28. Qxc5 Nxe5 29. Ra3 Rc8 30. Qd6 Rd8 31. Qb4 Qc6 32. Rc3 Nc4 33. Rd3 Rxd3 34. Bxd3 Rf7 35. h4 Ne5 36. Rxe5 Bxe5 37. h5 Kg7 38. hxg6 Rc7 39. Kg2 Qd5 40. Bf5 Nxf5 41. gxf5 h5 42. Nf1 Rd7 43. Bh4 Qc4 44. Qe1 Qd4 45. Kh3 b4 46. Nd2 Qe3 47. Nc4 Qxe1 48. Bxe1 Bf6 49. Bxb4 Rd4 50. Nd6 Rxb4 51. Ne8+ Kh6 52. Nxf6 Rxb2 53. Ng8+ Kg7 54. Ne7 a3 55. Kh4 a2 56. Kg5 Rg2+ 0-1

[Event "16th Marseille Festival 2023"]
[Site "Marseille"]
[Date "2023.12.30"]
[Round "9.4"]
[White "Baroyan, Davit"]
[Black "Girel, Joseph"]
[Result "0-1"]
[WhiteElo "2203"]
[BlackElo "2495"]
[PlyCount "56"]
[EventDate "2023.12.30"]
[EventType "swiss"]
[EventCountry "FRA"]
[TimeControl "5400+30"]

1. Nf3 Nf6 2. g3 b6 3. Bg2 Bb7 4. b3 g6 5. c4 Bg7 6. Bb2 O-O 7. O-O e6 8. d4 Na6 9. Nc3 c5 10. d5 exd5 11. Nxd5 Bxd5 12. cxd5 d6 13. e4 Re8 14. Re1 Nc7 15. Qc2 Nd7 16. Rad1 Rb8 17. Bh3 Ne5 18. Nxe5 Bxe5 19. f4 Bxb2 20. Qxb2 Nb5 21. e5 Nd4 22. Rxd4 cxd4 23. Qxd4 Qc7 24. e6 Qc5 25. Qxc5 bxc5 26. Re4 Rb4 27. Rxb4 cxb4 28. Kf2 f5 0-1

[Event "16th Marseille Festival 2023"]
[Site "Marseille"]
[Date "2023.12.30"]
[Round "9.5"]
[White "Pichon, Ewen"]
[Black "Delaplace, Mathias"]
[Result "1/2-1/2"]
[WhiteElo "2274"]
[BlackElo "1956"]
[PlyCount "51"]
[EventDate "2023.12.30"]
[EventType "swiss"]
[EventCountry "FRA"]
[TimeControl "5400+30"]

1. d4 Nf6 2. c4 g6 3. Nc3 Bg7 4. e4 d6 5. Be2 O-O 6. Be3 c5 7. d5 e6 8. Nf3 exd5 9. cxd5 b5 10. e5 dxe5 11. Bxc5 Re8 12. Bxb5 Nbd7 13. Be3 Ng4 14. O-O e4 15. Nd4 Qh4 16. Bf4 Be5 17. Bxe5 Rxe5 18. h3 Ndf6 19. Nc6 Rg5 20. Ne7+ Kg7 21. Nxc8 Ne5 22. Kh1 Rxg2 23. Kxg2 Qg5+ 24. Kh1 Qh4 25. Kg2 Qg5+ 26. Kh1 1/2-1/2

[Event "16th Marseille Festival 2023"]
[Site "Marseille"]
[Date "2023.12.30"]
[Round "9.6"]
[White "Malka, Samuel"]
[Black "Bonelli Maestracci, Pierre Joseph"]
[Result "1-0"]
[WhiteElo "2201"]
[BlackElo "2075"]
[PlyCount "99"]
[EventDate "2023.12.30"]
[EventType "swiss"]
[EventCountry "FRA"]
[TimeControl "5400+30"]

1. d4 Nf6 2. c4 g6 3. Nc3 d5 4. cxd5 Nxd5 5. e4 Nxc3 6. bxc3 Bg7 7. Nf3 c5 8. Bb5+ Nc6 9. d5 Qa5 10. Rb1 Bxc3+ 11. Bd2 a6 12. Ba4 b5 13. dxc6 bxa4 14. O-O Bxd2 15. Nxd2 Be6 16. Qc1 O-O 17. Nf3 Ra7 18. Qh6 f6 19. Nh4 Bf7 20. f4 Rd8 21. Nf3 Bxa2 22. Rbd1 Rxd1 23. Rxd1 Bb3 24. Rf1 Qb4 25. f5 Qxe4 26. fxg6 hxg6 27. Re1 Qf5 28. Qd2 Qd5 29. Qh6 Bc2 30. Qf4 e5 31. Qxf6 Rf7 32. Qg5 Qxc6 33. Nxe5 Qe6 34. Qd2 Rf5 35. Ng4 Rd5 36. Nf6+ Qxf6 37. Qxd5+ Kg7 38. Qxc5 Bb3 39. Rf1 Qe6 40. Qc3+ Kh7 41. Qc7+ Kh6 42. Qf4+ Kh7 43. h3 a3 44. Qc7+ Kg8 45. Qd8+ Kh7 46. Qh4+ Kg7 47. Qd4+ Kh7 48. Rf8 Kh6 49. Rh8+ Kg5 50. h4+ 1-0

[Event "16th Marseille Festival 2023"]
[Site "Marseille"]
[Date "2023.12.30"]
[Round "9.7"]
[White "Adinolfi, Vincenzo"]
[Black "Charlier, Antoine"]
[Result "1/2-1/2"]
[WhiteElo "1957"]
[BlackElo "2147"]
[PlyCount "104"]
[EventDate "2023.12.30"]
[EventType "swiss"]
[EventCountry "FRA"]
[TimeControl "5400+30"]

1. Nf3 d5 2. g3 Nf6 3. Bg2 Bf5 4. d3 h6 5. O-O e6 6. Nbd2 Nbd7 7. Re1 Be7 8. e4 dxe4 9. dxe4 Bh7 10. e5 Nd5 11. c3 O-O 12. Ne4 Nc5 13. Nd4 Kh8 14. Qe2 Nd7 15. f4 Nc5 16. Rd1 Nxe4 17. Bxe4 c5 18. Nb5 Bxe4 19. Qxe4 Qb6 20. c4 Nc7 21. Nxc7 Qxc7 22. Be3 Rad8 23. Kf2 Rd7 24. Ke2 Rfd8 25. b3 Qa5 26. Qc2 Qa6 27. Rxd7 Rxd7 28. Qe4 f5 29. Qh1 Kg8 30. h4 h5 31. Qg1 Kf7 32. a4 Qb6 33. Rb1 Qb4 34. Qe1 Qb6 35. Qh1 a6 36. Qg1 Ke8 37. Qh1 g6 38. Qg1 Qc7 39. Rd1 Rxd1 40. Qxd1 Qc6 41. Qd3 Qh1 42. Bf2 Qa1 43. Qf3 Qb2+ 44. Kf1 Qb1+ 45. Kg2 b6 46. Qc6+ Kf7 47. Qxb6 Qe4+ 48. Kh2 Qc2 49. Kg2 Qe4+ 50. Kh2 Qc2 51. Kg2 Qe4+ 52. Kh2 Qc2 1/2-1/2

[Event "16th Marseille Festival 2023"]
[Site "Marseille"]
[Date "2023.12.30"]
[Round "9.8"]
[White "Le Roy, Tristan"]
[Black "Avanesyan, Davit"]
[Result "0-1"]
[WhiteElo "1955"]
[BlackElo "2142"]
[PlyCount "76"]
[EventDate "2023.12.30"]
[EventType "swiss"]
[EventCountry "FRA"]
[TimeControl "5400+30"]

1. e4 c5 2. Nf3 Nc6 3. d4 cxd4 4. Nxd4 e5 5. Nb5 d6 6. N1c3 a6 7. Na3 b5 8. Nd5 Nge7 9. c4 Nd4 10. cxb5 Nxd5 11. exd5 Be7 12. Bd3 O-O 13. O-O f5 14. bxa6 Bxa6 15. Be3 Bb7 16. Bc4 Bf6 17. Bxd4 exd4 18. Nb5 Rc8 19. Qd3 Qb6 20. Rfc1 Qc5 21. Rc2 Rfe8 22. a3 Qb6 23. b3 Re4 24. a4 Rce8 25. Kf1 Qc5 26. a5 Ba6 27. Rcc1 Bg5 28. Rd1 R8e7 29. Ra4 Bxb5 30. Bxb5 Bd2 31. Qxd2 Qxb5+ 32. Rc4 Qxb3 33. Rxd4 Qb5+ 34. Kg1 Re2 35. Qc3 Qc5 36. Qa1 Qxd4 37. Qxd4 Re1+ 38. Rxe1 Rxe1# {[%emt 0:15:00] Qc5} 0-1